 Dungeon Crawl Stone Soup version 0.19-a0-1155-gb6eeeff (webtiles) character file.

38 Duffy the Slasher (level 3, -3/33 HPs)
             Began as a Minotaur Gladiator on Aug 13, 2016.
             Killed from afar by Tux's ghost (5 damage)
             ... with a rocky blast
             ... on level 3 of the Dungeon.
             The game lasted 00:00:43 (454 turns).

Duffy the Slasher (Minotaur Gladiator)               Turns: 454, Time: 00:00:43

Health: -3/33      AC:  5    Str: 19    XL:     3   Next: 25%
Magic:  11/11      EV: 12    Int:  5    God:
Gold:   29         SH:  0    Dex: 11    Spells: 0 memorised, 2 levels left

rFire  . . .     SeeInvis .     a - +0 long sword
rCold  . . .     Gourm    .     e - +0 ring mail
rNeg   . . .     Faith    .     (no shield)
rPois  .         Spirit   .     c - +0 hat
rElec  .         Dismiss  .     (no cloak)
rCorr  .         Reflect  .     (no gloves)
MR     .....     Harm     .     (no boots)
Stlth  +.........               (no amulet)
                                (no ring)
                                i - ring of magical power

@: no status effects
A: retaliatory headbutt, horns 2
a: no special abilities


You were on level 3 of the Dungeon.
You were not hungry.

You visited 1 branch of the dungeon, and saw 3 of its levels.

You collected 29 gold pieces.


Innate Abilities, Weirdness & Mutations

You reflexively headbutt those who attack you in melee.
You have a pair of horns on your head.


   Skills:
 + Level 3.7 Fighting
 + Level 4.4 Long Blades
 - Level 2.0 Throwing
 - Level 3.2 Dodging


You had 2 spell levels left.
You didn't know any spells.

Inventory:

Hand Weapons
 a - a +0 long sword (weapon)
Missiles
 d - 3 throwing nets (quivered)
Armour
 b - a +0 leather armour
 c - a +0 hat (worn)
 e - a +0 ring mail (worn)
Jewellery
 i - a ring of magical power (left hand)
Scrolls
 h - a scroll of teleportation {unknown}
Comestibles
 f - a bread ration
 g - 2 fruits

Dungeon Overview and Level Annotations

Branches:
Dungeon (3/15)

Altars:

Annotations:
D:3 Tux's ghost, amateur HuEE


Message History

Tux's ghost barely misses you.
You riposte.
You miss Tux's ghost.
Tux's ghost is moderately damaged.
You barely miss Tux's ghost.
You headbutt Tux's ghost, but do no damage.
Tux's ghost is moderately damaged.
Tux's ghost hits you but does no damage.
You miss Tux's ghost.
Tux's ghost is moderately damaged.
Tux's ghost gestures at you while chanting.
The stone arrow misses you.
Tux's ghost gestures at you while chanting.
The stone arrow misses you.
You slash Tux's ghost!
Tux's ghost is heavily damaged.
Tux's ghost hits you.
You are too injured to fight recklessly!
You are too injured to fight recklessly!
You are too injured to fight recklessly!
You are too injured to fight recklessly!
You miss Tux's ghost.
Tux's ghost is heavily damaged.
Tux's ghost points at you and mumbles some strange words.
The stone arrow misses you.
You closely miss Tux's ghost.
Tux's ghost is heavily damaged.
Tux's ghost closely misses you. You furiously retaliate!
You headbutt Tux's ghost, but do no damage.
You completely miss Tux's ghost. Your headbutt misses Tux's ghost.
Tux's ghost is heavily damaged.
Tux's ghost gestures at you while chanting.
The rocky blast hits you!
You closely miss Tux's ghost.
Tux's ghost is heavily damaged.
Tux's ghost hits you.
You hit Tux's ghost.
Tux's ghost is heavily damaged.
Tux's ghost hits you but does no damage.
Tux's ghost completely misses you.
You miss Tux's ghost. Your headbutt misses Tux's ghost.
Tux's ghost is heavily damaged.
Tux's ghost points at you and mumbles some strange words.
The rocky blast hits you!
You closely miss Tux's ghost. Your headbutt misses Tux's ghost.
Tux's ghost is heavily damaged.
Tux's ghost hits you.
You barely miss Tux's ghost.
Tux's ghost is heavily damaged.
Tux's ghost casts a spell at you. The rocky blast hits you!
You die...

#.# #.# # #.# ..
#.#
#.#####.#####.#
###.............#
....W.............
##########W######
.......@....#
#.######.##.#
#.##.# #.##.#
#.##.##
#.#.#.########
#..###........
###.#.########
##.##


You could see Tux's ghost.

Action                   || total
-------------------------++-------
Melee: Long sword        ||    56
       Headbutt          ||     6
Armor: Ring mail         ||    14
Dodge: Dodged            ||    35

Notes
Turn   | Place    | Note
-------+----------+-------------------------------------------
     0 | D:1      | Duffy the Minotaur Gladiator began the quest for the Orb.
     0 | D:1      | Reached XP level 1. HP: 18/18 MP: 0/0
    45 | D:2      | Reached skill level 3 in Fighting
    45 | D:2      | Reached skill level 4 in Long Blades
    45 | D:2      | Reached XP level 2. HP: 21/26 MP: 1/1
   384 | D:3      | Reached XP level 3. HP: 31/31 MP: 2/2
   425 | D:3      | Noticed Tux's ghost (amateur HuEE)
   454 | D:3      | Killed from afar by Tux's ghost

Skill      XL: |  1 |
---------------+----+-----
Fighting       | 3 |  3.7
Long Blades    | 4 |  4.4
Throwing       | |  2.0
Dodging        | |  3.2

Vault maps used:
D:1:      dpeg_arrival_orchard, serial_bayou_pond_d
D:2:      uniq_iyjb
D:3:      lemuel_round_altar, lemuel_crystal_altar

Vanquished Creatures
  3 adders
  A giant gecko
  2 goblins
  2 hobgoblins
  2 jackals
  A giant newt
11 creatures vanquished.
